 Dungeon Crawl Stone Soup version 0.26.1-11-gd32895ea62 (webtiles) character file.

Game seed: 15162917860612983277

66 Descartes the Sneak (level 3, 0/15 HPs)
             Began as a Felid Transmuter on July 6, 2021.
             Succumbed to an adder's poison
             ... on level 3 of the Dungeon.
             The game lasted 00:03:48 (2880 turns).

Descartes the Sneak (Felid Transmuter)              Turns: 2880, Time: 00:03:49

Health: 0/15       AC:  1    Str:  7    XL:     3   Next: 96%
Magic:  7/7        EV: 18    Int: 14    God:
Gold:   208        SH:  0    Dex: 16    Spells: 5/6 levels left
                                        Lives:  0   Deaths: 1

rFire    + . .     SeeInvis +     - Unarmed
rCold    . . .     Faith    .   (shield unavailable)
rNeg     . . .     Spirit   .   (armour unavailable)
rPois    .         Reflect  .   (helmet unavailable)
rElec    .         Harm     .   (cloak unavailable)
rCorr    .         Rampage  .   (gloves unavailable)
Will     .....                  (boots unavailable)
Stlth    ++++......             (no amulet)
HPRegen  0.05/turn              c - ring of protection from fire
MPRegen  0.10/turn              (no ring)

@: lethally poisoned (0 -> -11), quick
A: very small, no armour, no weapons or thrown items, stealth, claws 1, fangs 3,
see invisible, speed 1, shaggy fur 1, sharp paws
a: no special abilities


You were on level 3 of the Dungeon.
You visited 1 branch of the dungeon, and saw 3 of its levels.

You collected 208 gold pieces.

Inventory:

Jewellery
 c - a ring of protection from fire (left paw)
Wands
 l - a wand of flame (12)
Scrolls
 b - a scroll of blinking {unknown}
 d - a scroll of enchant weapon {unknown}
 e - a scroll of teleportation {unknown}
 h - a scroll of immolation {unknown}
 i - a scroll of fear {unknown}
 j - 2 scrolls of remove curse {unknown}
 k - 3 scrolls of identify {unknown}
 m - a scroll of fog {unknown}
Potions
 a - a potion of ambrosia {unknown}
 f - 2 potions of cancellation {unknown}
 g - a potion of invisibility {unknown}


   Skills:
 - Level 1.0 Fighting
 - Level 2.6 Dodging
 + Level 6.4 Stealth
 - Level 3.0 Unarmed Combat
 - Level 2.0 Spellcasting
 - Level 2.1 Transmutations


You had 5 spell levels left.
You knew the following spells:

 Your Spells              Type           Power        Failure   Level
a - Beastly Appendage     Tmut           14%          10%         1

Your spell library contained the following spells:

 Spells                   Type           Power        Failure   Level
 Wereblood                Tmut           7%           14%         2
 Corona                   Hex            1%           24%         1
 Ensorcelled Hibernation  Hex/Ice        2%           34%         2
 Spider Form              Tmut/Pois      2%           41%         3
 Confusing Touch          Hex            1%           56%         3
 Dazzling Flash           Conj/Hex       2%           56%         3
 Tukima's Dance           Hex            1%           56%         3
 Ice Form                 Ice/Tmut       4%           83%         4
 Blade Hands              Tmut           3%           95%         5


Dungeon Overview and Level Annotations

Branches:
Dungeon (3/15)

Altars:


Innate Abilities, Weirdness & Mutations

You cannot wear armour.
You are incapable of wielding weapons or throwing items.
Your paws allow you to move quietly. (Stealth)
You have sharp claws.
You have razor-sharp teeth.
You have supernaturally acute eyesight. (SInv)
You cover ground quickly.
You are covered in fur. (AC +1)
Your sharp claws are effective at attacking unaware monsters.


Message History

You are too injured to fight recklessly!
You are too injured to fight recklessly!
You are too injured to fight recklessly!
You are too injured to fight recklessly!
You are too injured to fight recklessly!
You are too injured to fight recklessly!
You are too injured to fight recklessly!
You miss the adder.
The adder is moderately wounded.
You feel sick. The adder bites you.
* * * LOW HITPOINT WARNING * * *
You are lethally poisoned!
The adder poisons you!
You scratch the adder.
The adder is severely wounded.
The adder closely misses you. The adder bites you.
* * * LOW HITPOINT WARNING * * *
You scratch the adder.
The adder is almost dead.
You die...

###.# #)# .# ##.#
#......#
#.###.###.#######
#.#.. # #.#.#. ..
#...# #.# #...#
#.# #...####.##
#..(S@....#
####...####..#
..............#
........†.....#
$.............#
#####...#####.# #
#.........##.###
#...####.[.....#
#...####..##.#.#


You could see an adder.

Vanquished Creatures
  Terence (D:2)
  3 adders (D:3)
  An ooze (D:2)
  4 worms
  A leopard gecko (D:3)
  An orc (D:3)
  3 bats
  4 giant cockroaches
  3 hobgoblins
  A quokka (D:3)
  5 frilled lizards
  2 giant cockroach zombies (D:1)
  4 goblins
  8 kobolds
  7 rats
48 creatures vanquished.

Notes
Turn   | Place    | Note
-------+----------+-------------------------------------------
     0 | D:1      | Descartes the Felid Transmuter began the quest for the Orb.
     0 | D:1      | Reached XP level 1. HP: 9/9 MP: 4/4
   114 | D:1      | Reached skill level 1 in Stealth
   624 | D:1      | Reached skill level 2 in Stealth
   677 | D:1      | Reached XP level 2. HP: 12/12 MP: 6/6
   801 | D:1      | Reached skill level 3 in Stealth
  1710 | D:2      | Reached skill level 4 in Stealth
  1834 | D:2      | Reached XP level 3. HP: 15/15 MP: 7/7
  2293 | D:2      | Noticed Terence
  2303 | D:2      | Killed Terence
  2304 | D:2      | Reached skill level 5 in Stealth
  2304 | D:2      | Reached XP level 4. HP: 19/19 MP: 8/8
  2753 | D:3      | Succumbed to an adder's poison
  2754 | D:3      | Reached XP level 3. HP: 0/15 MP: 7/7
  2793 | D:3      | Reached skill level 6 in Stealth
  2880 | D:3      | Succumbed to an adder's poison

Illustrated notes

Levels and vault maps discovered:
D:1:      saegor_arrival_fortress, layout_loops_ring
D:2:      kb_forest_paths, layout_basic, uniq_terence
D:3:      layout_loops_cross

Skill      XL: |  1  2  3 |
---------------+----------+-----
Stealth        | 2 4 6 |  6.4
Fighting       | |  1.0
Dodging        | |  2.6
Unarmed Combat | |  3.0
Spellcasting   | |  2.0
Transmutations | |  2.1

Action                   |  1- 3 |  4- 6 || total
-------------------------+-------+-------++-------
Melee: Unarmed           |   109 |    16 ||   125
       Punch             |     3 |       ||     3
       Bite              |     3 |       ||     3
 Stab: Sleeping          |    14 |     3 ||    17
Armor: Skin              |     3 |       ||     3
Dodge: Dodged            |    59 |    16 ||    75
